 Dungeon Crawl Stone Soup version 0.19.0-19-g8c6edcc (webtiles) character file.

40 Leybi the Sneak (level 3, -2/18 HPs)
             Began as a Vine Stalker Assassin on Nov 13, 2016.
             Slain by a worm (9 damage)
             ... on level 2 of the Dungeon.
             The game lasted 00:03:27 (1508 turns).

Leybi the Sneak (Vine Stalker Assassin)             Turns: 1508, Time: 00:03:28

Health: -2/18      AC:  3    Str: 13    XL:     3   Next: 50%
Magic:  0/4        EV: 12    Int: 11    God:
Gold:   82         SH:  0    Dex: 16    Spells: 0 memorised, 2 levels left

rFire  . . .     SeeInvis .     a - +2 dagger
rCold  . . .     Gourm    .     c - +0 robe
rNeg   + . .     Faith    .     (no shield)
rPois  .         Spirit   +     (no helmet)
rElec  .         Reflect  .     d - +0 cloak
rCorr  +         Harm     .     (no gloves)
MR     .....                    (no boots)
Stlth  +++.......               (no amulet)
                                u - ring of positive energy
                                h - ring of resist corrosion

@: no status effects
A: fangs 2, magic shield, antimagic bite, no device heal 3, rot immunity
a: no special abilities


You were on level 2 of the Dungeon.
You were not hungry.

You visited 1 branch of the dungeon, and saw 2 of its levels.

You collected 82 gold pieces.

Inventory:

Hand Weapons
 a - a +2 dagger (weapon)
 b - a +0 blowgun
Missiles
 e - 8 poisoned needles
 f - 2 curare-tipped needles
Armour
 c - a +0 robe (worn)
 d - a +0 cloak (worn)
Jewellery
 h - a ring of resist corrosion (left hand)
 t - an uncursed ring of wizardry
 u - a ring of positive energy (right hand)
Scrolls
 k - a scroll of enchant armour {unknown}
 l - a scroll of identify {unknown}
 p - 3 scrolls of enchant weapon {unknown}
 s - a scroll of recharging {unknown}
 v - a scroll of teleportation {unknown}
 w - a scroll of fog {unknown}
Potions
 i - a potion of flight {unknown}
 j - a potion of resistance {unknown}
 m - a potion of berserk rage {unknown}
 n - a potion of cancellation {unknown}
 o - 2 potions of lignification {unknown}
 r - 2 potions of cure mutation {unknown}
Comestibles
 g - a bread ration
 q - a meat ration


   Skills:
 - Level 1.7 Fighting
 + Level 2.9 Short Blades
 - Level 1.7 Throwing
 + Level 1.7 Dodging
 - Level 4.8 Stealth


You had 2 spell levels left.
You didn't know any spells.

Dungeon Overview and Level Annotations

Branches:
Dungeon (2/15)

Altars:
Qazlal


Innate Abilities, Weirdness & Mutations

You have extremely sharp teeth.
When hurt, damage is shared between your health and your magic reserves.
Your bite disrupts and absorbs the magic of your enemies.
Potions and wands cannot restore your health.
You are immune to rotting.


Message History

You barely miss the rat.
The rat is heavily wounded.
The rat bites you. The worm misses you.
You hit the rat.
You kill the rat!
You hit the worm. You bite the worm, but do no damage.
The worm is lightly wounded.
The worm bites you!
You hit the worm. You bite the worm, but do no damage.
The worm is moderately wounded.
You hit the worm. You bite the worm. You drain its power.
You feel invigorated.
The worm is heavily wounded.
The worm bites you.
You hit the worm. Your bite misses the worm.
The worm is severely wounded.
You hit the worm but do no damage.
The worm is severely wounded.
The worm bites you!
Ouch! That really hurt!
You die...

.........###.. ......
.............. #.#..#
.....#..####.. #....#
####.##.#####. $....
.............. #..#
####..#..####.
#.####..####### #..#.......
.........w....# #..###.###.
#........†@...# #........#.
######..#####.###..........
#..# #............#. ....#
#.###...###..#. .##.## #.#
##.#....... # #.
#.####.#.###.#. #.
#..............
#.######......#.......
#......####.#####...


You could see a worm.

Vanquished Creatures
  An adder (D:2)
  An ooze (D:1)
  A dart slug (D:2)
  A leopard gecko (D:1)
  3 goblins
  5 hobgoblins
  4 bats (D:1)
  A frilled lizard (D:1)
  3 kobolds (D:1)
  4 rats
24 creatures vanquished.

Notes
Turn   | Place    | Note
-------+----------+-------------------------------------------
     0 | D:1      | Leybi the Vine Stalker Assassin began the quest for the Orb.
     0 | D:1      | Reached XP level 1. HP: 11/11 MP: 2/2
   220 | D:1      | Reached skill level 1 in Dodging
   220 | D:1      | Reached XP level 2. HP: 3/15 MP: 1/3
  1164 | D:2      | Reached XP level 3. HP: 18/18 MP: 4/4
  1450 | D:2      | Noticed a fire elemental
  1466 | D:2      | Found a stormy altar of Qazlal.
  1468 | D:2      | Noticed an earth elemental
  1469 | D:2      | Noticed a water elemental
  1469 | D:2      | Noticed an air elemental
  1508 | D:2      | Slain by a worm

Skill      XL: |  1 |
---------------+----+-----
Short Blades   | 2 |  2.9
Dodging        | 1 |  1.7
Fighting       | |  1.7
Throwing       | |  1.7
Stealth        | |  4.8

Action                   || total
-------------------------++-------
Melee: Dagger            ||    61
       Bite              ||    17
 Fire: Blowgun           ||     1
 Stab: Sleeping          ||     5
       Distracted        ||     1
  Eat: Chunk             ||     2
Armor: Robe              ||    16
Dodge: Dodged            ||    32
